 Dungeon Crawl Stone Soup version 0.20-a0-463-g5747544 (webtiles) character file.

149 Queen the Insei (level 5, 0/40 HPs)
             Began as a Draconian Transmuter on Jan 11, 2017.
             Killed from afar by an orc wizard (6 damage)
             ... with a magic dart
             ... on level 3 of the Dungeon.
             The game lasted 00:06:50 (1734 turns).

Queen the Insei (Draconian Transmuter)              Turns: 1734, Time: 00:06:53

Health: 0/40       AC:  7    Str: 17    XL:     5   Next: 9%
Magic:  5/8        EV: 12    Int: 13    God:
Gold:   89         SH:  0    Dex: 13    Spells: 5/8 levels left

rFire  . . .     SeeInvis .       - Unarmed
rCold  . . .     Gourm    .     (armour unavailable)
rNeg   . . .     Faith    .     (no shield)
rPois  .         Spirit   .     (helmet restricted)
rElec  .         Reflect  .     (no cloak)
rCorr  .         Harm     .     e - +0 pair of gloves
MR     .....                    i - +0 pair of boots
Stlth  +.........               (no amulet)
                                (no ring)
                                (no ring)

@: mighty, slowed, very slow
A: unfitting armour, cold-blooded, AC +5
a: no special abilities


You were on level 3 of the Dungeon.
You were not hungry.

You visited 1 branch of the dungeon, and saw 3 of its levels.

You collected 89 gold pieces.

Inventory:

Missiles
 a - 49 arrows
Armour
 e - a +0 pair of gloves (worn)
 i - a +0 pair of boots (worn)
Scrolls
 f - 2 scrolls of teleportation {unknown}
 h - 5 scrolls of identify {unknown}
 j - 2 scrolls of remove curse {unknown}
 m - a scroll of random uselessness {unknown}
 p - a scroll of fear {unknown}
 q - a scroll of blinking {unknown}
 r - a scroll of recharging {unknown}
Potions
 l - a potion of cancellation {unknown}
 o - a potion of agility {unknown}
Books
 b - a book of Changes

   Spells                             Type                      Level
   a - Beastly Appendage              Transmutation                1
   b - Sticks to Snakes               Transmutation                2
   c - Spider Form                    Transmutation/Poison         3
   d - Ice Form                       Ice/Transmutation            4
   e - Blade Hands                    Transmutation                5
Comestibles
 c - 3 bread rations
 d - 5 chunks of flesh
 g - 2 meat rations
 n - 2 fruits


   Skills:
 - Level 1.1 Fighting
 - Level 1.7 Dodging
 + Level 5.8 Unarmed Combat
 - Level 2.0 Spellcasting
 - Level 2.0 Transmutations


You had 5 spell levels left.
You knew the following spells:

 Your Spells              Type           Power        Failure   Level  Hunger
a - Beastly Appendage     Tmut           #.....       12%         1    ##.....
b - Sticks to Snakes      Tmut           #.......     17%         2    ###....


Dungeon Overview and Level Annotations

Branches:
Dungeon (3/15)

Altars:
The Shining One


Innate Abilities, Weirdness & Mutations

Your plain brown scales are hard. (AC +5)
You cannot fit into any form of body armour.
You are cold-blooded and may be slowed by cold attacks.


Message History

You have reached level 5!
Your horns disappear.
The orc wizard hits you with a dagger.
The orc wizard points at you and mumbles some strange words.
You feel yourself slow down.
You closely miss the orc wizard. The giant cockroach misses you.
The orc wizard gestures wildly while chanting.
The giant cockroach bites you.
* * * LOW HITPOINT WARNING * * *
The orc wizard casts a spell.
The orc wizard blinks!
You punch the giant cockroach!
You kill the giant cockroach!
You hit the orc priest.
The orc priest is moderately wounded.
The orc priest hits you with a war axe.
* * * LOW HITPOINT WARNING * * *
The orc wizard casts a spell at you. The magic dart hits you!
You die...

#.###.#.## #.# #.# ##.##
#.# #.# ### #.# #+# #.#
...## #.# ....## # #.##
#### .....## ##.##..# ...
......####...##.##.#####.
......'<.....o..@or......
......####...##.##.###...
..^..## .........#.#
..(.## .######..#.# ...##
#..#.# #..# #..#.# #..#
...#.. #..##### ##.###
......... .#


You could see an orc priest, an orc wizard and a rat.

Vanquished Creatures
  2 orc wizards (D:3)
  2 adders (D:2)
  2 worms (D:2)
  2 dart slugs (D:1)
  A leopard gecko (D:2)
  An orc (D:3)
  4 giant cockroaches
  8 goblins
  9 hobgoblins
  A jackal (D:2)
  7 bats
  A frilled lizard (D:2)
  7 kobolds
  8 rats
55 creatures vanquished.

Vanquished Creatures (collateral kills)
  An adder (D:2)
  A hobgoblin (D:2)
2 creatures vanquished.

Grand Total: 57 creatures vanquished

Notes
Turn   | Place    | Note
-------+----------+-------------------------------------------
     0 | D:1      | Queen the Draconian Transmuter began the quest for the Orb.
     0 | D:1      | Reached XP level 1. HP: 16/16 MP: 3/3
   192 | D:1      | Reached XP level 2. HP: 20/23 MP: 5/5
   390 | D:1      | Reached skill level 4 in Unarmed Combat
   417 | D:1      | Learned a level 2 spell: Sticks to Snakes
   467 | D:1      | Found a glowing golden altar of the Shining One.
   623 | D:1      | Reached XP level 3. HP: 25/28 MP: 6/6
  1333 | D:2      | Reached skill level 5 in Unarmed Combat
  1333 | D:2      | Reached XP level 4. HP: 25/35 MP: 7/7
  1731 | D:3      | Reached XP level 5. HP: 13/40 MP: 5/8
  1734 | D:3      | Killed from afar by an orc wizard

Vault maps used:
D:1:      mrwooster_arrival_statue_2, tso_altar
D:2:      kb_forest_paths
D:3:      grunt_temple_overflow_open, fedhas_altar_2

Skill      XL: |  1  2  3 |
---------------+----------+-----
Unarmed Combat | 4 5 |  5.8
Fighting       | |  1.1
Dodging        | |  1.7
Spellcasting   | |  2.0
Transmutations | |  2.0

Action                   |  1- 3 |  4- 6 || total
-------------------------+-------+-------++-------
Melee: Unarmed           |   153 |    43 ||   196
       Tailslap          |    14 |     7 ||    21
       Punch             |     1 |     1 ||     2
       Kick              |     3 |       ||     3
       Headbutt          |     6 |     6 ||    12
 Cast: Beastly Appendage |    11 |     3 ||    14
       Sticks to Snakes  |     1 |     2 ||     3
  Use: Potion            |       |     1 ||     1
  Eat: Chunk             |     2 |     1 ||     3
Armor: Skin              |    55 |    10 ||    65
Dodge: Dodged            |   102 |    25 ||   127
